 Dungeon Crawl Stone Soup version 0.30-a0-374-g95c0257040 (webtiles) character file.

Game seed: 17249958636930553715

1787 qeuew the Trooper (level 9, -4/72 HPs)
             Began as a Formicid Fighter on Nov 27, 2022.
             Was an Initiate of Makhleb.
             Succumbed to a hornet's poison
             ... on level 5 of the Dungeon.
             The game lasted 00:07:50 (4331 turns).

qeuew the Trooper (Formicid Fighter)                Turns: 4331, Time: 00:07:50

Health: -4/72      AC:  7    Str: 24    XL:     9   Next: 29%
Magic:  12/12      EV: 11    Int:  7    God:    Makhleb [......]
Gold:   286        SH:  6    Dex: 15    Spells: 8/8 levels left

rFire   + . .      SeeInvis +    f - +6 broad axe of Hospitality {vamp, Will+}
rCold   . . .      Faith    .    c - +0 buckler
rNeg    . . .      Spirit   .    b - +0 scale mail
rPois   .          Reflect  .    (helmet unavailable)
rElec   .          Harm     .    (no cloak)
rCorr   .          Rampage  .    (no gloves)
Will    +....                    (no boots)
Stlth   ..........               (no amulet)
HPRegen 0.32/turn                j - +4 ring of slaying
MPRegen 0.13/turn                g - ring of protection from fire

@: mighty, lethally poisoned (-4 -> -30)
A: permanent stasis, dig shafts and tunnels, antennae 3, four strong arms
a: Dig, Shaft Self, Renounce Religion


You were on level 5 of the Dungeon.
You worshipped Makhleb.
Makhleb was noncommittal.
You visited 2 branches of the dungeon, and saw 6 of its levels.
You also visited: Sewer.

You collected 286 gold pieces.

Inventory:

Hand Weapons
 a - a +1 war axe
 f - the +6 broad axe of Hospitality (weapon) {vamp, Will+}
   (You acquired it on level 1 of the Dungeon)

   It occasionally heals its wielder for a portion of the damage dealt when it
   wounds a living foe.
   Will:      It increases your willpower.
Missiles
 h - 2 throwing nets
Armour
 b - a +0 scale mail (worn)
 c - a +0 buckler (worn)
Jewellery
 g - a ring of protection from fire (right hand)
 j - a +4 ring of slaying (left hand)
Wands
 m - a wand of flame (24)
Scrolls
 e - a scroll of fear
 i - 3 scrolls of fog {unknown}
 k - 2 scrolls of identify
Potions
 l - a potion of resistance


   Skills:
 * Level 7.5 Fighting
 + Level 4.7 Axes
 + Level 5.7 Armour
 + Level 3.6 Dodging
 + Level 6.9 Shields
 * Level 4.4 Invocations
 + Level 1.1 Evocations


You had 8 spell levels left.
You didn't know any spells.
Your spell library contained the following spells:

 Spells                   Type           Power      Damage    Failure   Level
 Cigotuvi's Dreadful Rot  Necr/Pois/Air  0%         N/A       88%         2
 Poisonous Vapours        Pois/Air       0%         N/A       88%         2
 Gell's Gravitas          Tloc           0%         N/A       98%         3
 Ignite Poison            Fire/Tmut/Pois 0%         N/A       98%         3
 Lesser Beckoning         Tloc           0%         N/A       98%         3
 Mephitic Cloud           Conj/Pois/Air  0%         N/A       98%         3
 Teleport Other           Tloc           0%         N/A       98%         3
 Sticky Flame             Conj/Fire      0%         2d3       100%        4
 Ignition                 Fire           0%         3d3       100%        8


Dungeon Overview and Level Annotations

Branches:
Dungeon (5/15)             Temple (1/1) D:4           Sewer (visited)

Altars:
Cheibriados
Dithmenos
Elyvilon
Hepliaklqana
Makhleb
Nemelex Xobeh
Okawaru
Qazlal
Ru
Trog
Vehumet
Xom
Yredelemnul
Zin
The Shining One


Innate Abilities, Weirdness & Mutations

You cannot be hasted, slowed, berserked, paralysed or teleported.
You can dig through walls and to a lower floor.
You have a pair of large antennae on your head. (SInv)
Your four strong arms can wield two-handed weapons with a shield.


Message History

The necrophage is severely damaged.
You hit the hornet.
You feel extremely sick.
The hornet stings you but does no damage.
The necrophage misses you. You block the hornet's attack.
The necrophage barely misses you.
You feel very mighty all of a sudden.
You feel very sick. The hornet stings you!
* * * LOW HITPOINT WARNING * * *
Your stasis prevents you from being slowed.
The necrophage closely misses you.
You slice the hornet!!
You feel better.
The hornet is severely wounded.
You slash the necrophage!
You destroy the necrophage!
Makhleb accepts your kill.
You feel very sick. The hornet stings you.
You are more poisoned.
Your stasis prevents you from being slowed.
The hornet stings you!
* * * LOW HITPOINT WARNING * * *
Your stasis prevents you from being paralysed.
You miss the hornet.
The hornet is severely wounded.
* * * LOW HITPOINT WARNING * * *
You feel extremely sick. The hornet stings you.
* * * LOW HITPOINT WARNING * * *
Your stasis prevents you from being slowed.
You block the hornet's attack. The hornet stings you.
* * * LOW HITPOINT WARNING * * *
You are more poisoned.
Your stasis prevents you from being paralysed.
Okay, then.
Okay, then.
You barely miss the hornet.
The hornet is severely wounded.
You die...

######################..### ####
#....(..................#.## #
##.......................#..#####
#..####################..#.......
†.## ....h#.....#.....#..#..#####
####.....{#.....#...(.#†.####
#+###..#..#..#..#.†#..# ##
#..#?.#.y#..#..#..# #. ####{
{#.....#..@..#.....# #. ...#
#.... #.....#.....# #####. #.##
##################..... {..
#.....# #...##.....
##(#.#.#######..........
#....<........÷...)..... #.
#.............)......... ...
#......................? #..
#.......######..........


You could see a hornet.

Vanquished Creatures
  Sigmund (D:4)
  The ghost of GiantSquids the Cudgeller, an amateur OgGl (D:3)
  A water moccasin (D:5)
  2 ice beasts (D:5)
  A sky beast (D:5)
  2 ogres
  A centaur (D:5)
  A phantom (D:5)
  A bullfrog (Sewer)
  A necrophage (D:5)
  A hound (D:5)
  A jelly (D:3)
  4 orc priests (D:3)
  4 orc wizards (D:3)
  4 iguanas
  7 adders
  8 gnolls
  2 river rats (D:4)
  A shadow imp (D:5)
  A white imp (D:5)
  An ufetubus (D:5)
  4 dart slugs
  12 orcs
  7 bats
  An endoplasm (D:2)
  9 giant cockroaches
  4 goblins
  4 hobgoblins
  2 jackals (D:1)
  3 kobolds
  8 quokkas
  8 ball pythons
  9 frilled lizards
  8 rats
125 creatures vanquished.

Vanquished Creatures (others)
  An endoplasm (D:4)
  2 withered plants (D:3)
3 creatures vanquished.

Grand Total: 128 creatures vanquished

Notes
Turn   | Place    | Note
-------+----------+-------------------------------------------
     0 | D:1      | qeuew the Formicid Fighter began the quest for the Orb.
     0 | D:1      | Reached XP level 1. HP: 18/18 MP: 1/1
    23 | D:1      | Reached XP level 2. HP: 11/24 MP: 2/2
   194 | D:1      | Reached XP level 3. HP: 30/30 MP: 3/3
   527 | D:1      | Identified a scroll of acquirement
   527 | D:1      | Acquired the +6 broad axe of Hospitality {vamp, Will+}
   630 | D:2      | Reached skill level 4 in Fighting
   630 | D:2      | Reached skill level 1 in Dodging
   630 | D:2      | Reached XP level 4. HP: 37/37 MP: 4/4
   801 | D:2      | Reached XP level 5. HP: 43/43 MP: 5/5
   970 | D:2      | Found a faded altar of an unknown god.
  1358 | D:3      | Found a runed translucent door.
  1358 | D:3      | Noticed GiantSquids's ghost (amateur OgGl)
  1414 | D:3      | Reached XP level 6. HP: 46/50 MP: 6/6
  1439 | D:3      | Reached skill level 5 in Shields
  1442 | D:3      | Reached skill level 5 in Fighting
  1568 | D:3      | Reached XP level 7. HP: 52/56 MP: 7/7
  1799 | D:3      | Killed GiantSquids's ghost
  1906 | D:4      | Reached skill level 6 in Fighting
  1947 | D:4      | Found a glowing drain.
  1958 | Sewer    | Entered a sewer
  2194 | Sewer    | Reached XP level 8. HP: 55/64 MP: 8/8
  2457 | D:4      | Found a radiant altar of Vehumet.
  2505 | D:4      | Found a staircase to the Ecumenical Temple.
  2511 | Temple   | Entered the Ecumenical Temple
  2595 | Temple   | Became a worshipper of Makhleb the Destroyer
  2751 | D:4      | Reached skill level 1 in Invocations
  2885 | D:4      | Noticed Sigmund
  2900 | D:4      | Killed Sigmund
  2901 | D:4      | Reached skill level 5 in Armour
  3545 | D:5      | Entered Level 5 of the Dungeon
  3941 | D:5      | Reached skill level 7 in Fighting
  3975 | D:5      | Reached XP level 9. HP: 72/72 MP: 11/11
  4015 | D:5      | Found a hazy altar of Hepliaklqana.
  4282 | D:5      | Noticed a hornet
  4306 | D:5      | Reached skill level 1 in Evocations
  4331 | D:5      | Succumbed to a hornet's poison

Illustrated notes

Levels and vault maps discovered:
D:1:      dpeg_arrival_orchard, layout_rooms
D:2:      layout_basic, hellmonk_ecumenical_altar_slurped_away,
          minmay_pentomino_x4
D:3:      wad_pebble_path, layout_rooms, gammafunk_ghost_grave
D:4:      layout_basic, fiery_altar_vehumet, minmay_temple_entry_tees,
          gup_sewer_entry_bubbles, minmay_misc_feat_columns,
          chequers_hall_statues_wall_a, uniq_sigmund
D:5:      kennysheep_windowed_halls, layout_loops_cross,
          nzn_hepliaklqana_mist_gate
Temple:   compressed_dpeg_triangle_lava_temple

Skill      XL: |  1  2  3  4  5  6  7  8  9 |
---------------+----------------------------+-----
Fighting       | 4 5 6 7 |  7.5
Dodging        | 1 2 3 |  3.6
Armour         | 4 5 |  5.7
Shields        | 5 6 |  6.9
Axes           | 3 4 |  4.7
Invocations    | 3 4 |  4.4
Evocations     | 1 |  1.1

Action                   |  1- 3 |  4- 6 |  7- 9 || total
-------------------------+-------+-------+-------++-------
Melee: War axe           |    27 |       |       ||    27
       Broad axe         |    12 |    84 |   143 ||   239
 Abil: Dig               |       |       |     1 ||     1
  Use: Scroll            |     5 |     2 |     3 ||    10
       Potion            |     1 |     1 |     2 ||     4
Armor: Scale mail        |    21 |    37 |    61 ||   119
Dodge: Dodged            |    36 |    31 |    79 ||   146
Block: Buckler           |    18 |    24 |    47 ||    89

Table legend: (Time is in decaauts)
 A = Elapsed time spent in this place.
 B = Non-inter-level travel time spent in this place.
 C = Inter-level travel time spent in this place.
 D = Time resting spent in this place.
 E = Time spent auto-exploring this place.
 F = Levels seen in this place.
 G = Mean time per level.
                   A        B        C        D        E       F      G
               +--------+--------+--------+--------+--------+-----+--------+
         Total |   4592 |   4340 |    252 |     35 |   3289 |   7 |  656.0 |
       Dungeon |   3873 |   3641 |    232 |     35 |   2935 |   5 |  774.6 |
        Temple |    104 |     85 |     19 |      0 |     64 |   1 |  104.0 |
         Sewer |    614 |    614 |      0 |      0 |    290 |   1 |  614.0 |
               +--------+--------+--------+--------+--------+-----+--------+

Top non-repeatable levels by time:
     D:4: 1166 daAuts
     D:5: 747 daAuts
     D:2: 695 daAuts
     D:3: 672 daAuts
   Sewer: 614 daAuts
     D:1: 591 daAuts
  Temple: 104 daAuts
